 Dungeon Crawl Stone Soup version 0.18-b1-20-g17449fe (webtiles) character file.

111 LORDOFBUTT the Covert (level 4, -1/23 HPs)
             Began as a Spriggan Assassin on May 3, 2016.
             Slain by an orc
             ... wielding a +0 short sword
              (2 damage)
             ... on level 3 of the Dungeon.
             The game lasted 00:03:53 (1986 turns).

LORDOFBUTT the Covert (Spriggan Assassin)           Turns: 1986, Time: 00:03:53

Health: -1/23      AC:  5    Str:  7    XL:     4   Next: 62%
Magic:  5/5        EV: 17    Int: 17    God:
Gold:   69         SH:  0    Dex: 18    Spells: 0 memorised, 3 levels left

rFire  + . .     SeeInvis +     o - +1 short sword (venom)
rCold  . . .     Gourm    .     c - +0 robe
rNeg   . . .     Faith    .     (shield restricted)
rPois  .         Spirit   .     (helmet restricted)
rElec  .         Dismiss  .     d - +2 cloak
rCorr  .         Reflect  .     (gloves unavailable)
SustAt .         Harm     .     (boots unavailable)
MR     .....                    (no amulet)
Stlth  ++++......               v - ring of protection from fire
                                m - ring of flight

@: brilliant, drained, very quick, not resistant to hostile enchantments,
stealthy
A: unfitting armour, see invisible, herbivore 3, speed 3, slow metabolism 2
a: Evoke Flight


You were on level 3 of the Dungeon.
You were not hungry.

You visited 1 branch of the dungeon, and saw 3 of its levels.

You collected 69 gold pieces.

Inventory:

Hand Weapons
 a - a +2 dagger
 b - a +0 blowgun
 o - a +1 short sword of venom (weapon)
Missiles
 e - 8 poisoned needles
 f - 2 curare-tipped needles
Armour
 c - a +0 robe (worn)
 d - a +2 cloak (worn)
Jewellery
 k - an uncursed ring of fire
 m - a ring of flight (left hand)
 u - an uncursed ring of sustain attributes
 v - a ring of protection from fire (right hand)
Scrolls
 n - a scroll of noise {unknown}
 p - 2 scrolls of fog {unknown}
 q - a scroll of remove curse
 r - a scroll of teleportation {unknown}
 s - a scroll of magic mapping
 t - a scroll of identify
Potions
 h - a potion of brilliance
 i - a potion of cancellation {unknown}
 j - a potion of agility
Comestibles
 g - 2 bread rations
 l - a royal jelly


   Skills:
 + Level 1.8(1.1) Fighting
 * Level 2.6(1.9) Short Blades
 + Level 2.0(1.3) Throwing
 + Level 2.2(1.5) Dodging
 * Level 8.6(7.7) Stealth


You had 3 spell levels left.
You didn't know any spells.

Dungeon Overview and Level Annotations

Branches:
Dungeon (3/15)

Altars:
Trog
Vehumet


Innate Abilities, Weirdness & Mutations

You are tiny and cannot use many weapons and most armour.
You have supernaturally acute eyesight.
You are a herbivore.
You cover ground extremely quickly.
You need consume almost no food.


Message History

You start resting.
The quokka barely misses you.
You hit the quokka but do no damage. The quokka completely misses you.
You closely miss the quokka. The quokka completely misses you.
The quokka barely misses you.
You barely miss the quokka. The quokka bites you.
* * * LOW HITPOINT WARNING * * *
You barely miss the quokka.
The quokka bites you but does no damage.
You barely miss the quokka. The quokka barely misses you.
The orc shouts!
You hit the quokka but do no damage. The quokka barely misses you.
You hit the quokka but do no damage.
The quokka is poisoned.
The quokka misses you. The quokka bites you.
* * * LOW HITPOINT WARNING * * *
Drink which item? (? for menu, Esc to quit)
It was a potion of brilliance.
You feel clever all of a sudden. The orc hits you with a short sword.
You die...

#.......##
#........ #.......#
#.......+ #.......#
#.......+ #..†....#
#.# ####### #.#
#..o@.# #.# #.###r#
#########.###.# #.#
............>.# #.#
##.............##.#
##..............#.#
##..............#.#
##..............#.#
##..............#.#


You could see an orc and a quokka.

Vanquished Creatures
  A worker ant (D:3)
  An adder (D:2)
  A worm (D:2)
  3 dart slugs
  A giant gecko (D:2)
  3 orcs (D:3)
  12 bats
  2 giant cockroaches (D:1)
  7 goblins
  5 hobgoblins
  6 jackals
  9 kobolds
  A quokka (D:2)
  A ball python (D:2)
  2 giant newts
  8 rats
63 creatures vanquished.

Notes
Turn   | Place    | Note
--------------------------------------------------------------
     0 | D:1      | LORDOFBUTT the Spriggan Assassin began the quest for the Orb.
     0 | D:1      | Reached XP level 1. HP: 10/10 MP: 2/2
    72 | D:1      | Reached skill level 6 in Stealth
   214 | D:1      | Reached XP level 2. HP: 14/14 MP: 3/3
   430 | D:1      | Reached skill level 7 in Stealth
   600 | D:1      | Reached XP level 3. HP: 10/18 MP: 4/4
  1344 | D:2      | Found a bloodstained altar of Trog.
  1619 | D:2      | Reached skill level 8 in Stealth
  1619 | D:2      | Reached XP level 4. HP: 22/23 MP: 5/5
  1770 | D:3      | Found a radiant altar of Vehumet.
  1985 | D:3      | HP: 1/23 [quokka (5)]
  1986 | D:3      | Slain by an orc

Skill      XL: |  1  2  3  4 |
---------------+-------------+-----
Stealth        | 6 7 8 |  8.6
Dodging        | 2 |  2.2
Fighting       | |  1.8
Short Blades   | |  2.6
Throwing       | |  2.0

Action                   |  1- 3 |  4- 6 || total
-------------------------+-------+-------++-------
Melee: Dagger            |    97 |       ||    97
       Short sword       |    35 |    29 ||    64
  Use: Scroll            |     5 |       ||     5
       Potion            |       |     1 ||     1
 Stab: Sleeping          |    26 |     4 ||    30
Armor: Robe              |    24 |     6 ||    30
Dodge: Dodged            |   105 |    23 ||   128
